 Dungeon Crawl Stone Soup version 0.30.0-11-gf55b779eaf (webtiles) character file.

Game seed: 7873503900330355968

86452 browni3141 the Purifying Djinni (level 16, -2/105 HPs)
             Began as a Djinni Fighter on May 16, 2023.
             Was a High Priest of Elyvilon.
             Slain by a minotaur
             ... wielding the +8 demon blade "Leech" {evervamp, Harm Drain rN+}
              (5 damage)
             ... in a Gauntlet.
             The game lasted 01:23:10 (34610 turns).

browni3141 the Purifying Djinni (Djinni Fighter)   Turns: 34610, Time: 01:23:11

Health: -2/105     AC: 12    Str: 12    XL:     16   Next: 34%
Gold:   266        EV: 20    Int: 16    God:    Elyvilon [*****.] SH: 16 Dex: 21

rFire   + + .        a - +2 double sword (elec)
rCold   . . .        v - +0 kite shield
rNeg    + . .        y - +2 ring mail {rC+}
rPois   ∞            S - +0 helmet {SInv}
rElec   .            (no cloak)
rCorr   .            f - +2 pair of gloves of Mozooree {Int+6}
SInv    +            (boots unavailable)
Will    +....        E - amulet of reflection
Stlth   +            s - +5 ring of evasion
HPRegen 0.37/turn    d - ring of Kyosua {rN+ Will+ MP+9 Str-3 Slay+3}
MPRegen 0.00/turn

%: no teleportation, reflection, infuse magic (-3 HP)
@: weak-willed, flying, studying 2 skills
A: sickness immunity, fire resistance 2, cold vulnerability 1, float, innate
caster, HP casting, extra vitality 1
a: Renounce Religion, Purification, Heal Other, Heal Self, Divine Vigour


You were in a Gauntlet.
You worshipped Elyvilon.
Elyvilon was extremely pleased with you.
You visited 4 branches of the dungeon, and saw 23 of its levels.
You also visited: Bailey, Gauntlet, Ice Cave and Volcano.

You collected 2434 gold pieces.
You spent 2168 gold pieces at shops.

Inventory:

Hand Weapons
 a - a +2 double sword of electrocution (weapon)
 b - a +8 hand crossbow of flaming
 n - a +2 scimitar of flaming
Missiles
 j - 2 javelins
 J - a curare-tipped dart (quivered)
 T - 27 boomerangs
 Z - 3 throwing nets
Armour
 f - the +2 pair of gloves of Mozooree (worn) {Int+6}
   (You bought it in a shop on level 11 of the Dungeon)

   Int:       It affects your intelligence (+6).
 v - a +0 kite shield (worn)
 y - a +2 ring mail of cold resistance (worn)
 S - a +0 helmet of see invisible (worn)
Jewellery
 d - the ring of Kyosua (right hand) {rN+ Will+ MP+9 Str-3 Slay+3}
   (You found it in a Gauntlet)

   [ring of magical power]

   Str:       It affects your strength (-3).
   Slay:      It affects your accuracy & damage with ranged weapons and melee
   (+3).
   rN:        It protects you from negative energy.
   MP:        It affects your magic capacity (+9).
   Will:      It increases your willpower.
 e - a ring of see invisible
 g - a ring of resist corrosion
 r - a ring of willpower
 s - a +5 ring of evasion (left hand)
 t - a ring of wizardry
 E - an amulet of reflection (around neck)
 G - the ring "Moylij" {rElec rPois rC- Str-2 Slay+5}
   (You found it in a Gauntlet)

   [ring of poison resistance]

   Str:       It affects your strength (-2).
   Slay:      It affects your accuracy & damage with ranged weapons and melee
   (+5).
   rC:        It makes you vulnerable to cold.
   rElec:     It insulates you from electricity.
   rPois:     It protects you from poison.
Wands
 k - a wand of digging (13)
 p - a wand of polymorph (19)
 I - a wand of iceblast (8)
 P - a wand of paralysis (20)
 U - a wand of mindburst (11)
Scrolls
 m - 3 scrolls of magic mapping
 q - 2 scrolls of enchant armour
 u - 5 scrolls of butterflies
 x - 2 scrolls of vulnerability
 B - 5 scrolls of fear
 K - 3 scrolls of silence
 N - 3 scrolls of blinking
 O - 7 scrolls of noise
 Q - 2 scrolls of poison
 R - 3 scrolls of fog
 W - a scroll of immolation
 X - 10 scrolls of teleportation
Potions
 c - a potion of cancellation
 h - 4 potions of haste
 i - 4 potions of invisibility
 l - 14 potions of ambrosia
 o - 2 potions of brilliance
 A - 3 potions of attraction
 C - 9 potions of curing
 F - 4 potions of flight
 H - 7 potions of heal wounds
 L - 2 potions of lignification
 M - 4 potions of might
 V - 3 potions of mutation
 Y - 3 potions of berserk rage
Miscellaneous
 w - a lightning rod (2/4)
 z - a box of beasts


   Skills:
 + Level 6.3 Fighting
 * Level 15.6 Long Blades
 * Level 3.2 Ranged Weapons
 + Level 3.8 Armour
 + Level 10.2 Dodging
 * Level 6.4 Shields
 - Level 6.0 Spellcasting
 * Level 16.6 Invocations
 - Level 4.0 Evocations


You knew the following spells:

 Your Spells              Type           Power      Damage    Failure   Level
a - Shock                 Conj/Air       96%        1d9       8%          1
b - Volatile Blastmotes   Fire/Tloc      48%        2d14      24%         3
c - Passage of Golubria   Tloc           24%        N/A       61%         4
d - Iskenderun's Mystic   Conj/Tloc      24%        2d7       61%         4
e - Metabolic Englaciati  Hex/Ice        12%        N/A       91%         5
f - Eringya's Noxious Bo  Tmut/Pois      12%        N/A       100%        6
P - Passwall              Tmut/Erth      20%        N/A       12%         2
Your spell library was empty.

Dungeon Overview and Level Annotations

Branches:
Dungeon (15/15)            Temple (1/1) D:5            Lair (5/5) D:11
  Swamp (0/4) Lair:2       Spider (0/4) Lair:2        Slime (0/5) Lair:5
    Orc (2/2) D:12            Elf (0/3) Orc:2        Vaults (0/5) D:13
 Bailey (visited)           IceCv (visited)         Volcano (visited)
Gauntlet (1/1)
 Depths: D:15

Altars:
Ashenzari
Cheibriados
Dithmenos
Elyvilon
Fedhas
Gozag
Hepliaklqana
Makhleb
Nemelex Xobeh
Okawaru
Qazlal
Ru
Trog
Uskayaw
Wu Jian
Xom
Yredelemnul
Zin
The Shining One

Shops:
D:2 ?   D:4 (   D:5 =   D:7 !   D:10 (   D:11 [   D:13 [   Orc:2 [((!([=??

Annotations:
D:2 1 runed translucent door, Crazy Yiuf
D:4 Duvessa
D:13 3 runed translucent doors, exclusion: 3 doors, qdestroyer's ghost, journeyman MiFi
Lair:5 1 runed translucent door, exclusion: door, ojifijod's ghost, journeyman HOGl Gauntlet 6 transporters


Innate Abilities, Weirdness & Mutations

You are immune to sickness and miasma.
You are immune to poison.
Your flesh is very heat resistant. (rF++)
You are vulnerable to cold. (rC-)
You float through the air rather than walking.
You learn spells naturally, not from books.
Your magical power is your life essence.
You have superior vitality. (+4 MHP)


Message History

The death yak is almost dead.
The death yak gores you but does no damage.
Casting: Volatile Blastmotes (dangerous; 17% risk of failure)
Confirm with . or Enter, or press ? or * to list all spells.
Okay, then.
Unknown command.
You block the death yak's attack. The death yak gores you.
The death yak's soul is no longer bound.
The death yak gores you!!
* * * LOW HITPOINT WARNING * * *
You slash the death yak!
You kill the death yak!
You start resting.
The hellion gives a hideous shriek!
You hear a bark!
HP restored.
You see here a death yak corpse.
The hell hound barks!
Things that are here:
a +0 dagger; a +0 robe
There is a transporter landing site here.
Things that are here:
a death yak skeleton; a death yak skeleton; a death yak skeleton You now have enough gold to buy 2 potions of cancellation on D:7.
You can access your shopping list by pressing '$'.
You now have 223 gold pieces (gained 42).
You now have enough gold to buy a runed scarf on Orc:2.
You can access your shopping list by pressing '$'.
You now have 266 gold pieces (gained 43).
d - the ring of Kyosua {rN+ Will+ MP+9 Str-3 Slay+3} You remove your +4 ring of slaying.
You drop a +4 ring of slaying.
D - a +4 ring of slaying You drop a +4 ring of slaying.
You repel a surge of foreign magic.
You feel weaker.
d - the ring of Kyosua (right hand) {rN+ Will+ MP+9 Str-3 Slay+3}
Things that are here:
a death yak skeleton; a death yak skeleton; a death yak skeleton
There is a transporter landing site here.
Things that are here:
a +0 dagger; a +0 robe You see here a death yak skeleton.
There is a transporter here.
You enter the transporter and appear at another place.
A minotaur comes into view.
It is wielding the +8 demon blade "Leech" {evervamp, Harm Drain rN+}, wearing a +2 plate armour of poison resistance, wearing the +0 kite shield of Nuen {rF+++ rC- Dex+5} and quivering silver javelins.
The minotaur bellows!
Throw: 4 darts (curare)
Press: ? - help, Q - select action, (/) - cycle Shift-Dir - straight line, f - minotaur
Aim: a minotaur, wielding the +8 demon blade "Leech" {evervamp, Harm Drain rN+}, wearing a +2 plate armour of poison resistance, wearing the +0 kite shield of Nuen {rF+++ rC- Dex+5} and quivering silver javelins (83% to hit)
You throw a curare-tipped dart.
The minotaur blocks the curare-tipped dart.
The minotaur throws a silver javelin.
The silver javelin closely misses you.
Throw: 3 darts (curare)
Press: ? - help, Q - select action, (/) - cycle Shift-Dir - straight line, f/p - minotaur
Aim: a minotaur, wielding the +8 demon blade "Leech" {evervamp, Harm Drain rN+}, wearing a +2 plate armour of poison resistance, wearing the +0 kite shield of Nuen {rF+++ rC- Dex+5} and quivering silver javelins (83% to hit)
You throw a curare-tipped dart.
The minotaur blocks the curare-tipped dart.
The minotaur throws a silver javelin.
The silver javelin pierces through you!!
Throw: 2 darts (curare)
Press: ? - help, Q - select action, (/) - cycle Shift-Dir - straight line, f/p - minotaur
Aim: a minotaur, wielding the +8 demon blade "Leech" {evervamp, Harm Drain rN+}, wearing a +2 plate armour of poison resistance, wearing the +0 kite shield of Nuen {rF+++ rC- Dex+5} and quivering silver javelins (83% to hit)
You throw a curare-tipped dart.
The curare-tipped dart hits the minotaur.
Okay, then.
Aiming: Paralyse
Press: ? - help, Shift-Dir - straight line, f/p - minotaur
Aim: a minotaur, wielding the +8 demon blade "Leech" {evervamp, Harm Drain rN+}, wearing a +2 plate armour of poison resistance, wearing the +0 kite shield of Nuen {rF+++ rC- Dex+5} and quivering silver javelins (chance to affect: 4%)
Okay, then.
Unknown command.
Really read the scroll of vulnerability?
As you read the scroll of vulnerability, it crumbles to dust.
Magic quickly surges around you.
Aiming: Paralyse
Press: ? - help, Shift-Dir - straight line, f/p - minotaur
Aim: a minotaur, wielding the +8 demon blade "Leech" {evervamp, Harm Drain rN+}, wearing a +2 plate armour of poison resistance, wearing the +0 kite shield of Nuen {rF+++ rC- Dex+5} and quivering silver javelins (weak-willed, chance to affect: 32%)
The minotaur easily resists.
Aiming: Paralyse
Press: ? - help, Shift-Dir - straight line, f/p - minotaur
Aim: a minotaur, wielding the +8 demon blade "Leech" {evervamp, Harm Drain rN+}, wearing a +2 plate armour of poison resistance, wearing the +0 kite shield of Nuen {rF+++ rC- Dex+5} and quivering silver javelins (weak-willed, chance to affect: 32%)
The minotaur easily resists.
The minotaur barely misses you. The minotaur closely misses you.
Aiming: Paralyse
Press: ? - help, Shift-Dir - straight line, f/p - minotaur
Aim: a minotaur, wielding the +8 demon blade "Leech" {evervamp, Harm Drain rN+}, wearing a +2 plate armour of poison resistance, wearing the +0 kite shield of Nuen {rF+++ rC- Dex+5} and quivering silver javelins (weak-willed, chance to affect: 32%)
The minotaur easily resists.
The minotaur hits you with the +8 demon blade "Leech" {evervamp, Harm Drain rN+}!!!
Ouch! That really hurt!
* * * LOW HITPOINT WARNING * * *
The minotaur gores you.
* * * LOW HITPOINT WARNING * * *
Aiming: Paralyse
Press: ? - help, Shift-Dir - straight line, f/p - minotaur
Aim: a minotaur, wielding the +8 demon blade "Leech" {evervamp, Harm Drain rN+}, wearing a +2 plate armour of poison resistance, wearing the +0 kite shield of Nuen {rF+++ rC- Dex+5} and quivering silver javelins (weak-willed, chance to affect: 32%)
The minotaur easily resists.
The minotaur hits you with the +8 demon blade "Leech" {evervamp, Harm Drain rN+}!
Elyvilon protects you from harm! The minotaur gores you.
You die...

##########..#8#
=........#..###
.######..#..#
##....##.#..#####
#.####.#.#..#§8≈#
.##.©.##.#..#§§.##
.#÷####.##..#.8...
.##....###..#...###.##.#
..######©#..#.8.@......8
......)÷##..#...#H#.....
##########..#...#.# ###
...........§#.©.#..
...........∩#...###(
...........≈#.©.# .#
##########..#...# #
.2######.#..#...#.
##.##....#..#.8...


You could see a minotaur (weak-willed).

Vanquished Creatures
  3 vault guards (D:13)
  4 hydras
  3 centaur warriors
  Erica (D:9)
  2 boulder beetles
  10 death yaks
  A skyshark (Lair:5)
  The ghost of dolemite99 the Grappler, a novice TrMo of Okawaru (D:6)
  7 skeletal warriors
  A pharaoh ant (Lair:2)
  A sixfirhy (Gauntlet)
  Pikel (D:6)
  2 anaconda skeletons (Volcano)
  8 orc knights
  A necromancer (Gauntlet)
  A lindwurm (Lair:5)
  2 deep elf pyromancers
  2 manticores (D:13)
  A cyclops (D:11)
  An orc sorcerer (Bailey)
  2 ice statues (IceCv)
  3 black mambas
  A guardian serpent (D:14)
  2 torpor snails (Lair:2)
  11 cane toads
  Maggie (D:9)
  6 gargoyles
  An unseen horror (D:12)
  12 komodo dragons
  A rime drake (Lair:2)
  4 kobold demonologists
  A queen bee (Lair:1)
  7 ice devils (IceCv)
  7 polar bears
  3 meliai (D:14)
  An anaconda simulacrum (IceCv)
  4 trolls
  A tyrant leech (Gauntlet)
  3 hornets (Lair:5)
  A tarantella (Lair:2)
  Prince Ribbit (D:8)
  7 blink frogs
  6 dream sheep
  4 harpy skeletons (Volcano)
  2 flying skulls (Volcano)
  9 spriggans (Lair:5)
  2 jumping spiders (Lair:2)
  8 humans (D:13)
  49 yaks
  A spriggan (shapeshifter) (D:15)
  2 vampires
  17 slime creatures
  3 wraiths
  6 wyverns
  5 basilisks
  A redback (Lair:1)
  11 vampire mosquitoes
  2 steam dragons
  6 wargs
  3 acid dragons
  2 swamp worms (Gauntlet)
  12 water moccasins
  A hydra simulacrum (IceCv)
  2 ice beasts
  51 orc warriors
  A swamp drake (Lair:2)
  2 black bears (Lair:5)
  7 ogres
  25 wolves
  5 boggarts (Lair:5)
  8 centaurs
  4 phantoms
  A kobold brigand (D:10)
  Blork the orc (D:4)
  15 bullfrogs
  A scorpion (D:5)
  3 gnoll sergeants
  A cane toad simulacrum (D:12)
  8 wights
  Dowan (D:4)
  4 elephant simulacra
  35 killer bees
  A spriggan skeleton (Volcano)
  A troll skeleton (Volcano)
  2 vampire bats (Orc:1)
  3 howler monkeys
  8 electric eels
  3 hounds
  6 jellies
  14 orc priests
  A gnoll bouda (D:7)
  Jessica (D:2)
  Natasha (thrice) (D:2)
  2 iguanas (Lair:2)
  A sleepcap (D:4)
  32 orc wizards
  12 hell rats
  3 spriggan simulacra (D:12)
  2 troll simulacra
  A polar bear simulacrum (IceCv)
  2 naga skeletons (Volcano)
  25 gnolls
  7 adders
  2 naga simulacra
  6 river rats (D:5)
  A shadow imp (D:6)
  A white imp (D:7)
  6 ufetubi
  A dart slug (D:3)
  130 orcs
  8 ball pythons
  11 bats
  5 endoplasms
  4 giant cockroaches
  15 goblins
  14 hobgoblins
  6 quokkas
  3 frilled lizards
  16 kobolds
  21 rats
  A butterfly (Lair:1)
841 creatures vanquished.

Vanquished Creatures (others)
  A vault guard (D:13)
  A manticore (D:14)
  A flying skull (Volcano)
  A centaur (D:14)
  A spriggan skeleton (Volcano)
5 creatures vanquished.

Grand Total: 846 creatures vanquished

Notes
Turn   | Place    | Note
-------+----------+-------------------------------------------
     0 | D:1      | browni3141 the Djinni Fighter began the quest for the Orb.
     0 | D:1      | Reached XP level 1. HP: 20/20 MP: 0/0
    73 | D:1      | Reached XP level 2. HP: 25/25 MP: 0/0
   778 | D:2      | Reached XP level 3. HP: 27/30 MP: 0/0
   778 | D:2      | Learned a level 1 spell: Shock
   827 | D:2      | Reached skill level 3 in Dodging
   865 | D:2      | Noticed Jessica
   866 | D:2      | Killed Jessica
   867 | D:2      | Reached XP level 4. HP: 35/35 MP: 0/0
   918 | D:2      | Noticed Natasha
   939 | D:2      | Killed Natasha
  1028 | D:2      | Identified the +4 hammer of the Bespelled God {holy, Dex+4}
  1030 | D:2      | Identified the +2 hammer "Simmoame" {heavy, rPois rF+
                  | Will++ Dex-2}
  1033 | D:2      | Found a runed translucent door.
  1034 | D:2      | Noticed Crazy Yiuf
  1073 | D:2      | Found Xenar's Magic Scroll Shop.
  1082 | D:2      | Bought a scroll of identify for 24 gold pieces
  1082 | D:2      | Bought a scroll of butterflies for 48 gold pieces
  1194 | D:2      | Noticed Natasha
  1203 | D:2      | Killed Natasha
  1204 | D:2      | Reached XP level 5. HP: 8/40 MP: 0/0
  1204 | D:2      | Learned a level 2 spell: Passwall
  1307 | D:2      | Noticed Natasha
  1313 | D:2      | Killed Natasha
  1314 | D:2      | Reached skill level 3 in Long Blades
  1515 | D:2      | Found a sparkling altar of Nemelex Xobeh.
  2001 | D:3      | Reached XP level 6. HP: 38/46 MP: 0/0
  2215 | D:3      | Found an iron altar of Okawaru.
  2483 | D:3      | Found a white marble altar of Elyvilon.
  2576 | D:3      | Became a worshipper of Elyvilon the Healer
  2763 | D:4      | Noticed Blork the orc
  2892 | D:3      | Reached XP level 7. HP: 43/50 MP: 0/0
  2892 | D:3      | Learned a level 3 spell: Volatile Blastmotes
  3123 | D:4      | Killed Blork the orc
  3268 | D:4      | Found Fafiss's Weapon Shoppe.
  3268 | D:4      | Reached * piety under Elyvilon
  3315 | D:4      | Noticed Dowan
  3322 | D:4      | Noticed Duvessa
  3483 | D:4      | Killed Dowan
  3643 | D:4      | Found a bloodstained altar of Trog.
  3783 | D:5      | Entered Level 5 of the Dungeon
  3993 | D:5      | Reached XP level 8. HP: 54/56 MP: 0/0
  4092 | D:5      | Found Jaxonaul's Jewellery Shoppe.
  4392 | D:5      | Reached skill level 6 in Long Blades
  4435 | D:5      | Found a staircase to the Ecumenical Temple.
  4449 | Temple   | Entered the Ecumenical Temple
  4860 | D:5      | Reached skill level 3 in Spellcasting
  5239 | D:6      | Reached skill level 1 in Invocations
  5326 | D:6      | Reached ** piety under Elyvilon
  5440 | D:6      | Reached skill level 2 in Invocations
  5615 | D:6      | Noticed dolemite99's ghost (novice TrMo)
  5621 | D:6      | Noticed a komodo dragon
  5632 | D:6      | Found a runed translucent gate.
  5632 | D:6      | Found a runed translucent gate.
  5632 | D:6      | Found a runed translucent gate.
  5652 | D:6      | Reached XP level 9. HP: 46/60 MP: 0/0
  5652 | D:6      | Learned a level 4 spell: Passage of Golubria
  5746 | D:6      | Noticed Pikel
  5764 | D:6      | Killed Pikel
  5765 | D:6      | Reached skill level 4 in Invocations
  6123 | D:6      | Identified the +5 hand axe "Pemuuhin" {flame, rElec Int+3
                  | Stlth+}
  6385 | D:7      | Found a flagged portal.
  6427 | Bailey   | Entered a bailey
  6894 | Bailey   | Noticed an orc sorcerer
  6896 | Bailey   | Noticed a soul eater
  7048 | Bailey   | Reached skill level 5 in Invocations
  7085 | Bailey   | Noticed an orc knight
  7324 | Bailey   | Killed an orc knight
  7325 | Bailey   | Reached XP level 10. HP: 22/67 MP: 0/0
  7483 | Bailey   | Acquired a +2 double sword of electrocution
  7709 | Bailey   | Reached skill level 6 in Spellcasting
  7757 | Bailey   | Paralysed by an orc sorcerer for 4 turns
  7765 | Bailey   | Noticed an orange demon
  7792 | Bailey   | Reached skill level 6 in Invocations
  8067 | Bailey   | Found an iron altar of Okawaru.
  8069 | Bailey   | Noticed a kobold demonologist
  8204 | Bailey   | Identified the +5 shortbow of Shame {heavy, Fragile rN+
                  | Str+2}
  8465 | Bailey   | Killed a kobold demonologist
  8474 | Bailey   | Killed an orc sorcerer
  8782 | D:7      | Reached skill level 7 in Invocations
  9183 | D:7      | Reached skill level 6 in Dodging
  9363 | D:7      | Found an opulent altar of Gozag.
  9639 | D:7      | Found a glowing silver altar of Zin.
  9647 | D:7      | Reached *** piety under Elyvilon
  9803 | D:7      | Reached XP level 11. HP: 72/72 MP: 0/0
  9803 | D:7      | Learned a level 4 spell: Iskenderun's Mystic Blast
  9846 | D:7      | Found Esateapi's Distillery.
  9973 | D:8      | Noticed Prince Ribbit
  9985 | D:8      | Killed Prince Ribbit
 10155 | D:8      | Found a sacrificial altar of Ru.
 10158 | D:8      | Found a hazy altar of Hepliaklqana.
 10761 | D:8      | Reached skill level 9 in Long Blades
 11280 | D:9      | Noticed Erica
 11580 | D:9      | Reached skill level 8 in Invocations
 11941 | D:9      | Noticed Maggie
 11944 | D:9      | Killed Maggie
 12302 | D:9      | Killed Erica
 12649 | D:10     | Entered Level 10 of the Dungeon
 12762 | D:10     | Reached **** piety under Elyvilon
 12832 | D:10     | Found Ifolejal's Weapon Boutique.
 13185 | D:10     | Noticed a +0 spear
 13186 | D:10     | Noticed a +0 short sword
 13186 | D:10     | Noticed a +0 dagger
 13187 | D:10     | Noticed a +0 spear
 13187 | D:10     | Noticed a +0 falchion
 13187 | D:10     | Noticed a +0 short sword
 13187 | D:10     | Noticed a +0 dagger
 13187 | D:10     | Noticed a +0 falchion
 13191 | D:10     | Found a hide-covered altar of Uskayaw.
 13230 | D:10     | Found a glowing golden altar of the Shining One.
 13461 | D:11     | Reached ***** piety under Elyvilon
 13574 | D:11     | Found Laoph's Armour Emporium.
 13582 | D:11     | Bought the +2 pair of gloves of Mozooree {Int+6} for 443
                  | gold pieces
 13599 | D:11     | Noticed a cyclops
 13614 | D:11     | Killed a cyclops
 13830 | D:11     | Found a staircase to the Lair.
 14113 | D:11     | Noticed a boulder beetle
 14133 | D:11     | Killed a boulder beetle
 14134 | D:11     | Reached XP level 12. HP: 46/81 MP: 0/0
 14329 | Lair:1   | Entered Level 1 of the Lair of Beasts
 14354 | Lair:1   | Reached skill level 9 in Invocations
 14404 | Lair:1   | Found a dark tunnel.
 14463 | Volcano  | Entered a volcano
 14657 | Volcano  | Noticed a skeletal warrior
 14674 | Volcano  | Killed a skeletal warrior
 15041 | Volcano  | Reached skill level 6 in Fighting
 15049 | Volcano  | Reached skill level 10 in Invocations
 15194 | Volcano  | Noticed a skeletal warrior
 15485 | Volcano  | Killed a skeletal warrior
 16352 | Lair:1   | Reached XP level 13. HP: 78/87 MP: 0/0
 16352 | Lair:1   | Learned a level 5 spell: Metabolic Englaciation
 16363 | Lair:1   | Reached skill level 11 in Invocations
 17109 | Lair:2   | Noticed a five-headed hydra
 17135 | Lair:2   | Killed a one-headed hydra
 17320 | Lair:2   | Reached skill level 12 in Long Blades
 17320 | Lair:2   | Reached skill level 3 in Evocations
 17370 | Lair:2   | Identified the +1 scale mail of the Lonely Ghosts {Regen+}
 17595 | Lair:2   | Found a staircase to the Swamp.
 17595 | Lair:2   | Noticed a six-headed hydra
 17617 | Lair:2   | Killed a two-headed hydra
 17618 | Lair:2   | Reached skill level 9 in Dodging
 18283 | Lair:2   | Found a hole to the Spider Nest.
 18381 | Lair:2   | Reached skill level 12 in Invocations
 18966 | Lair:3   | Noticed an eight-headed hydra
 19004 | Lair:3   | Killed a three-headed hydra
 19177 | Lair:3   | Noticed an eight-headed hydra
 19196 | Lair:3   | Killed a six-headed hydra
 19197 | Lair:3   | Reached XP level 14. HP: 67/94 MP: 0/0
 19472 | Lair:3   | Identified the +1 leather armour of Objectivity {rC+}
 20646 | Lair:3   | Reached skill level 13 in Invocations
 22345 | Lair:5   | Entered Level 5 of the Lair of Beasts
 22345 | Lair:5   | Reached ****** piety under Elyvilon
 23148 | Lair:5   | Reached skill level 14 in Invocations
 23352 | Lair:5   | Found a runed translucent door.
 23352 | Lair:5   | Noticed ojifijod's ghost (journeyman HOGl)
 23378 | Lair:5   | Found a staircase to the Slime Pits.
 23428 | Lair:5   | Reached XP level 15. HP: 66/98 MP: 0/0
 23428 | Lair:5   | Learned a level 6 spell: Eringya's Noxious Bog
 24522 | D:12     | Found a staircase to the Orcish Mines.
 24526 | D:12     | Found a frozen archway.
 24588 | IceCv    | Entered an ice cave
 26273 | IceCv    | Noticed a reaper
 26643 | D:12     | Identified the +5 halberd of the Healing Gods {heavy,
                  | Will+}
 27273 | D:13     | Reached skill level 15 in Invocations
 28060 | D:13     | Reached skill level 15 in Long Blades
 28397 | D:13     | Found Douligh's Armour Shoppe.
 28440 | D:13     | Acquired a manual of Invocations
 28455 | D:13     | Found a runed translucent gate.
 28455 | D:13     | Found a runed translucent gate.
 28455 | D:13     | Found a runed translucent gate.
 28459 | D:13     | Noticed qdestroyer's ghost (journeyman MiFi)
 28835 | D:13     | Found a gate to the Vaults.
 29429 | D:6      | Killed dolemite99's ghost
 29681 | Orc:1    | Entered Level 1 of the Orcish Mines
 30269 | Orc:2    | Entered Level 2 of the Orcish Mines
 30269 | Orc:2    | Found Upeihosa's Magic Scroll Boutique.
 30269 | Orc:2    | Found Lositzoy's Jewellery Shoppe.
 30332 | Orc:2    | Found Noelu's Antique Armour Shop.
 30892 | Orc:2    | Reached skill level 16 in Invocations
 31322 | Orc:2    | Found a staircase to the Elven Halls.
 31374 | Orc:2    | Found Kische's Antique Weapon Boutique.
 31556 | Orc:2    | Found Piaritoi's Weapon Emporium.
 31614 | Orc:2    | Bought a throwing net for 39 gold pieces
 31619 | Orc:2    | Found Sobess's Armour Boutique.
 31647 | Orc:2    | Reached XP level 16. HP: 98/103 MP: 0/0
 31727 | Orc:2    | Found Qeolail's Distillery.
 31727 | Orc:2    | Found Dogeps's Weapon Emporium.
 31766 | Orc:2    | Found Acvep's Magic Scroll Shoppe.
 31987 | Orc:2    | Bought a scroll of acquirement for 780 gold pieces
 31987 | Orc:2    | Acquired a manual of Ranged Weapons
 31989 | Orc:2    | Bought a scroll of poison for 60 gold pieces
 31989 | Orc:2    | Bought a scroll of immolation for 60 gold pieces
 31989 | Orc:2    | Bought 3 scrolls of butterflies for 180 gold pieces
 31989 | Orc:2    | Bought 2 scrolls of enchant weapon for 225 gold pieces
 31989 | Orc:2    | Bought a scroll of noise for 15 gold pieces
 31996 | Orc:2    | Bought a scroll of identify for 30 gold pieces
 31996 | Orc:2    | Bought a scroll of identify for 30 gold pieces
 32025 | Orc:2    | Bought a potion of heal wounds for 65 gold pieces
 32025 | Orc:2    | Bought a potion of berserk rage for 65 gold pieces
 32025 | Orc:2    | Bought a potion of heal wounds for 65 gold pieces
 32025 | Orc:2    | Bought a potion of lignification for 39 gold pieces
 32459 | D:14     | Reached skill level 6 in Shields
 33970 | D:15     | Entered Level 15 of the Dungeon
 34003 | D:15     | Found a gate leading to a gauntlet.
 34010 | Gauntlet | Entered a Gauntlet
 34010 | Gauntlet | Found a transporter.
 34010 | Gauntlet | Found a transporter.
 34026 | Gauntlet | Found a transporter.
 34030 | Gauntlet | Found a transporter.
 34040 | Gauntlet | Found a transporter.
 34044 | Gauntlet | Found a transporter.
 34064 | Gauntlet | Found a transporter.
 34075 | Gauntlet | Found a transporter.
 34092 | Gauntlet | Found a transporter.
 34096 | Gauntlet | Found a transporter.
 34107 | Gauntlet | Found a transporter.
 34111 | Gauntlet | Found a transporter.
 34287 | Gauntlet | Identified the ring "Moylij" {rElec rPois rC- Str-2 Slay+5}
 34317 | Gauntlet | Reached skill level 3 in Ranged Weapons
 34556 | Gauntlet | Identified the ring of Kyosua {rN+ Will+ MP+9 Str-3 Slay+3}
 34602 | Gauntlet | Identified the +0 kite shield of Nuen {rF+++ rC- Dex+5}
 34609 | Gauntlet | HP: 4/105 [minotaur/the +8 demon blade "Leech" {evervamp,
                  | Harm Drain rN+} (61)]
 34610 | Gauntlet | Elyvilon protects you from harm!
 34610 | Gauntlet | Slain by a minotaur

Illustrated notes

Levels and vault maps discovered:
D:1:      roderic_crop_circles_arrival_small, layout_basic
D:2:      minmay_alternating_diamond, layout_loops_corners, serial_shops, shop,
          basic_altar, minmay_misc_feat_more_columns, uniq_crazy_yiuf_cottage,
          uniq_jessica, uniq_natasha
D:3:      layout_basic, marbit_many_paths, okawaru_trees_2, wad_floor_pattern_1,
          minmay_hedge_maze
D:4:      layout_basic, nicolae_overflow_crystal_walls, serial_shops,
          nicolae_shop_stone, uniq_blork_the_orc, uniq_duvessa
D:5:      lemuel_ratsnest, layout_loops_ring,
          minmay_temple_entry_gardened_gates, serial_shops,
          nicolae_shop_tiny_glass
D:6:      layout_rooms, kennysheep_orc_sif_temple, gammafunk_ghost_split,
          uniq_pikel
D:7:      layout_cave_pools, nicolae_gozag_seed_capital,
          mainiacjoe_overflow_surrounded_room, lightli_bailey_entry_fortress,
          serial_shops, nicolae_shop_window_shopping, minmay_misc_feat_rows,
          kennysheep_potato
D:8:      layout_basic, chequers_temple_overflow_statue_of_worship,
          minmay_misc_feat_nine_boxes, uniq_prince_ribbit1
D:9:      layout_roguey [special_room_orc], uniq_erica, uniq_maggie
D:10:     layout_stronghold, lemuel_doored_altar, nicolae_uskayaw_en_pointe,
          serial_shops, nicolae_shop_bloodbath_and_beyond, serial_column_ruins,
          column_ruins_hut, column_ruins_corridor_straight,
          column_ruins_open_tiny, column_ruins_columns_straight,
          column_ruins_columns_dead_end, column_ruins_open_small,
          column_ruins_open_tiny, column_ruins_corridor_dead_end, minivault_4
D:11:     layout_basic, lair_entry_dummy, serial_shops, nicolae_shop_waterfront
D:12:     minmay_evil_eye, layout_gridville, orc_0_dummy,
          portal_ice_cave_entry_ice_simulacra, nicolae_hexahallways
D:13:     layout_loops_ring, ximxim_vaults_locker_room,
          maelrawn_ghost_gauntlet_escape, serial_shops, nicolae_shop_tiny_glass
D:14:     layout_irregular_city, nrook_guardian_serpent_ordinary
D:15:     grunt_enter_depths_giant_problem, layout_loops_cross,
          gauntlet_entry_generic, enter_trove_3
Temple:   nicolae_temple_slightly_damp_pantheon
Lair:1:   layout_roguey [special_room_bee], nicolae_volcano_entry_lava_flow,
          lemuel_fruit_fields, serial_bayou_shore_b
Lair:2:   layout_concentric_octagons, minmay_swamp_entry_reptiles,
          nicolae_spider_entry_lesser_pyramids
Lair:3:   layout_regular_city, ldierk_geyser, nicolae_quartered_pool_little
Lair:4:   layout_layer_cave
Lair:5:   minmay_lair_end_enchanted_forest, layout_gridlike,
          nicolae_slime_entry_slimehenge, ebering_ghost_inner_flame,
          infiniplex_staircase_pool
Orc:1:    layout_caves, roderic_batcave
Orc:2:    st_orc_town, layout_caves, serial_shops, nicolae_shop_hallway_plus,
          nicolae_shop_dealshenge, shop, nicolae_shop_pleasant_corner_grove,
          nicolae_shop_trees
Gauntlet: gammafunk_gauntlet_hard_choice [nicolae_gauntlet_arena_x,
          gammafunk_gauntlet_arena_grid, gammafunk_gauntlet_arena_split_diamond,
          gammafunk_gauntlet_arena_teeth, gammafunk_gauntlet_arena_spirals,
          gammafunk_gauntlet_arena_crates,
          nicolae_gauntlet_exit_dead_adventurers]

Skill      XL: |  1  2  3  4  5  6  7  8  9 10 11 12 13 14 15 16 |
---------------+-------------------------------------------------+-----
Dodging        | 1 2 3 4 5 6 8 9 10 | 10.2
Long Blades    | 2 3 4 5 6 7 8 9 11 12 14 15 | 15.6
Spellcasting   | 2 4 5 6 |  6.0
Invocations    | 2 5 7 8 10 12 14 16 | 16.6
Fighting       | 5 6 |  6.3
Shields        | 4 5 6 |  6.4
Evocations     | 4 |  4.0
Ranged Weapons | 3 |  3.2
Armour         | |  3.8

Action                     |  1- 3 |  4- 6 |  7- 9 | 10-12 | 13-15 | 16-18 || total
---------------------------+-------+-------+-------+-------+-------+-------++-------
  Melee: Long sword        |    67 |   204 |   335 |       |       |       ||   606
         Double sword      |       |       |       |   524 |  1375 |   193 ||  2092
         Scimitar          |       |       |       |       |    36 |       ||    36
   Fire: Hand crossbow     |       |       |       |    62 |    96 |    17 ||   175
  Throw: Throwing net      |       |     1 |     1 |       |       |       ||     2
         Boomerang         |       |       |    11 |    76 |     1 |       ||    88
         Dart              |       |       |     2 |     9 |     1 |     4 ||    16
   Cast: Volatile Blastmot |       |       |       |    28 |    35 |     1 ||    64
         Passage of Golubr |       |       |       |     2 |     1 |       ||     3
         Iskenderun's Myst |       |       |       |     3 |    28 |     2 ||    33
 Invoke: Heal Other        |       |       |     4 |       |     2 |       ||     6
         Purification      |       |       |       |     2 |       |       ||     2
         Heal Self         |       |       |       |     2 |    16 |     3 ||    21
  Evoke: Wand              |       |       |    22 |       |     2 |     4 ||    28
         Lightning rod     |       |       |       |       |       |     2 ||     2
    Use: Scroll            |       |     4 |     3 |     8 |    15 |    11 ||    41
   Stab: Held in net/web   |       |       |     3 |       |       |       ||     3
 Armour: Scale mail        |    48 |    91 |    16 |       |       |       ||   155
         Ring mail         |       |       |    80 |   146 |   261 |    46 ||   533
  Dodge: Dodged            |    33 |   104 |   171 |   481 |  1061 |   217 ||  2067
  Block: Buckler           |    21 |    45 |    83 |   181 |   636 |       ||   966
         Kite shield       |       |       |       |       |   367 |   262 ||   629
         Reflection        |       |       |       |       |     5 |     6 ||    11
